 Dungeon Crawl Stone Soup version 0.23.0-28-g6fe0f4d (webtiles) character file.

Game seed: 9562580127962378958

11270 Luthien the Destroyer (level 11, -14/59 HPs)
             Began as a Deep Elf Conjurer on Feb 24, 2019.
             Was a Priest of Vehumet.
             Demolished by a white ugly thing (27 damage)
             ... on level 11 of the Dungeon on Feb 25, 2019.
             The game lasted 03:34:23 (16506 turns).

Luthien the Destroyer (Deep Elf Conjurer)          Turns: 16506, Time: 03:34:24

Health: -14/59     AC: 15    Str:  5    XL:     11   Next: 47%
Magic:  4/26       EV: 19    Int: 21    God:    Vehumet [***...]
Gold:   557        SH:  6    Dex: 18    Spells: 20/29 levels left

rFire    . . .     SeeInvis .   N - staff of wizardry
rCold    . . .     Gourm    +   W - +1 buckler {AC+3}
rNeg     . . .     Faith    .   O - +2 animal skin
rPois    .         Spirit   .   R - +2 helmet
rElec    .         Reflect  .   v - +2 cloak
rCorr    .         Harm     .   m - +0 pair of gloves
MR       +....                  F - +0 pair of boots
Stlth    +++.......             X - amulet of the gourmand
HPRegen  0.19/turn              h - ring of stealth
MPRegen  0.20/turn              Q - +4 ring of evasion

@: no status effects
A: no striking features
a: Renounce Religion


You were on level 11 of the Dungeon.
You worshipped Vehumet.
Vehumet was most pleased with you.
You were very full.

You visited 1 branch of the dungeon, and saw 11 of its levels.

You collected 557 gold pieces.

Inventory:

Hand Weapons
 n - a +0 hunting sling
 y - a +1 dagger of protection
 G - a +2 vampiric hand axe
Missiles
 i - 60 sling bullets
 k - 294 stones
 r - 133 arrows
 Y - 4 tomahawks of returning (quivered)
 Z - 16 bolts
Armour
 f - a +0 robe of fire resistance
 m - a +0 pair of gloves (worn)
 v - a +2 cloak (worn)
 F - a +0 pair of boots (worn)
 L - a +2 robe of cold resistance
 O - a +2 animal skin (worn)
 R - a +2 helmet (worn)
 W - a +1 buckler of protection (worn)
Magical Staves
 t - an uncursed staff of cold
 N - an uncursed staff of wizardry (weapon)
Jewellery
 g - an uncursed ring of fire
 h - a ring of stealth (left hand)
 s - an uncursed ring of see invisible
 C - a +3 ring of strength
 Q - a +4 ring of evasion (right hand)
 S - an uncursed ring of resist corrosion
 X - an amulet of the gourmand (around neck)
Wands
 l - a wand of iceblast (30)
 x - a wand of random effects (2)
 D - a wand of polymorph (18)
 H - a wand of disintegration (3)
 J - a wand of flame (4)
 P - a wand of enslavement (5)
Scrolls
 b - a scroll of teleportation
 e - 3 scrolls of remove curse
 u - 4 scrolls of identify
 B - a scroll of enchant weapon
 I - a scroll of fear
 M - 2 scrolls of blinking
 T - a scroll of fog
Potions
 d - a potion of flight
 j - a potion of might
 p - a potion of cancellation
 w - a potion of brilliance
 z - a potion of lignification
 E - 4 potions of curing
 V - a potion of resistance
Comestibles
 c - 18 rations
 q - 3 chunks of flesh


   Skills:
 + Level 2.8 Fighting
 - Level 5.0 Dodging
 - Level 2.4 Stealth
 + Level 2.7 Shields
 + Level 9.6 Spellcasting
 + Level 13.6 Conjurations
 - Level 8.1 Hexes
 - Level 7.0 Summonings
 + Level 3.7 Evocations


You had 20 spell levels left.
You knew the following spells:

 Your Spells              Type           Power        Failure   Level  Hunger
a - Magic Dart            Conj           ####         1%          1    None
c - Fulminant Prism       Conj/Hex       ######....   1%          4    ##.....
d - Summon Ice Beast      Ice/Summ       ###.....     8%          4    ##.....

Your spell library contained the following spells:

 Spells                   Type           Power        Failure   Level  Hunger
 Conjure Flame            Conj/Fire      #####...     1%          3    None
 Confusing Touch          Hex            #####.       1%          1    None
 Corona                   Hex            #####..      1%          1    None
 Freeze                   Ice            ##..         1%          1    None
 Searing Ray              Conj           ######       1%          2    None
 Slow                     Hex            #####...     1%          2    None
 Throw Frost              Conj/Ice       #####.       1%          2    None
 Confuse                  Hex            #####...     1%          3    None
 Dazzling Spray           Conj/Hex       ######       1%          3    None
 Inner Flame              Hex/Fire       ####....     1%          3    None
 Portal Projectile        Hex/Tloc       ####..       1%          3    None
 Static Discharge         Conj/Air       #####...     1%          3    None
 Cause Fear               Hex            #####.....   1%          4    ##.....
 Force Lance              Conj/Tloc      #####...     1%          4    ##.....
 Iskenderun's Mystic Bla  Conj           ######..     1%          4    ##.....
 Throw Icicle             Conj/Ice       #####...     1%          4    ##.....
 Lightning Bolt           Conj/Air       #####.....   1%          5    ####...
 Beastly Appendage        Tmut           ##....       3%          1    None
 Sticks to Snakes         Tmut           ##......     4%          2    None
 Yara's Violent Unravell  Hex/Tmut       ####......   4%          5    ####...
 Leda's Liquefaction      Hex/Erth       ####......   6%          4    ##.....
 Gell's Gravitas          Tloc           ##........   10%         3    None
 Ozocubu's Armour         Chrm/Ice       ##......     10%         3    None
 Spider Form              Tmut/Pois      ##........   10%         3    None
 Metabolic Englaciation   Hex/Ice        ####......   16%         5    ####...
 Ice Form                 Ice/Tmut       ##......     30%         4    ##.....
 Petrify                  Tmut/Erth      ##......     30%         4    ##.....
 Blade Hands              Tmut           ##........   61%         5    ####...
 Ignition                 Fire           ##........   100%        8    #######
 Shatter                  Erth           ##........   100%        9    #######
 Tornado                  Air            ##........   100%        9    #######


Dungeon Overview and Level Annotations

Branches:
Dungeon (11/15)            Temple (0/1) D:4
   Lair: D:8-11         Orc: D:9-12

Altars:
Kikubaaqudgha
Sif Muna
Vehumet
Xom

Shops:
D:8 (   D:9 :

Annotations:
D:11 !, Gastronok


Message History

Press: ? - help, Shift-Dir - straight line, f/p - white ugly thing
Aim: a white ugly thing (moderately wounded)
The bolt of acid hits the white ugly thing!
The white ugly thing is splashed with acid.
The acid corrodes the white ugly thing!
The white ugly thing is heavily wounded.
The now-empty wand crumbles to dust.
The white ugly thing misses you.
Aiming: Throw Flame
Press: ? - help, Shift-Dir - straight line, f/p - white ugly thing
Aim: a white ugly thing (heavily wounded, covered in acid)
The puff of flame hits the white ugly thing!
The white ugly thing is severely wounded.
The white ugly thing trunk-slaps you! The white ugly thing freezes you!!
* * * LOW HITPOINT WARNING * * *
You feel better.
The white ugly thing completely misses you.
You feel better. The white ugly thing trunk-slaps you.
* * * LOW HITPOINT WARNING * * *
The white ugly thing freezes you!!
You die...

######)..##
#.....>...# ##
#.........##..
#....(........
#.(.?..†......
######
#..(........##
#(.<.#
#.........###
#.((.###.........#
#...@##..........#
#....u(..........#
#....#############
#....# #....#
######


You could see a white ugly thing.

Vanquished Creatures
  Snorg (D:10)
  Fannar (D:10)
  Nergalle (D:11)
  An unseen horror (D:10)
  Pikel (D:4)
  A cyclops (D:11)
  A centaur zombie (D:10)
  Joseph (D:7)
  A hornet (D:11)
  Prince Ribbit (D:5)
  A hippogriff (D:10)
  Sigmund (D:3)
  A spriggan (D:9)
  3 wyverns
  A basilisk (D:10)
  Eustachio (D:4)
  3 yaks (D:8)
  A porcupine (D:11)
  A water moccasin (D:11)
  2 phantoms
  6 ice beasts
  A sky beast (D:8)
  A slave (D:4)
  2 orc warriors
  5 ogres
  An eye of draining (D:10)
  4 centaurs
  A crocodile (D:11)
  A big kobold (D:11)
  5 bullfrogs
  2 gnoll sergeants
  2 scorpions
  7 killer bees
  4 wights (D:10)
  5 crimson imps
  4 jellies
  2 centaur skeletons
  3 orc priests
  A bullfrog zombie (D:9)
  6 hounds
  Crazy Yiuf (D:5)
  4 bullfrog skeletons
  An iguana (D:8)
  6 orc wizards
  5 worker ants
  A killer bee zombie (D:5)
  2 hound skeletons
  A worker ant zombie (D:7)
  Robin (D:4)
  11 adders
  9 gnolls
  3 shadow imps
  An ooze (D:1)
  3 worms
  2 dart slugs
  8 leopard geckos
  29 orcs
  5 bats
  3 giant cockroaches
  10 goblins
  13 hobgoblins
  15 jackals
  13 kobolds
  4 quokkas
  4 frilled lizards
  A leopard gecko zombie (D:6)
  A quokka skeleton (D:9)
  A quokka zombie (D:8)
  9 rats
  A fulminant prism (D:11)
256 creatures vanquished.

Vanquished Creatures (collateral kills)
  A cyclops (D:11)
  A porcupine (D:11)
  An orc priest (D:11)
  An orc wizard (D:11)
  A worker ant (D:11)
  2 orcs (D:11)
7 creatures vanquished.

Vanquished Creatures (others)
  184 fulminant prisms
  2 fungi (D:11)
186 creatures vanquished.

Grand Total: 449 creatures vanquished

Notes
Turn   | Place    | Note
-------+----------+-------------------------------------------
     0 | D:1      | Luthien the Deep Elf Conjurer began the quest for the Orb.
     0 | D:1      | Reached XP level 1. HP: 10/10 MP: 6/6
   284 | D:2      | Reached XP level 2. HP: 11/15 MP: 5/8
   289 | D:2      | Reached skill level 5 in Conjurations
   441 | D:2      | Learned a level 2 spell: Searing Ray
   864 | D:2      | Reached XP level 3. HP: 18/19 MP: 6/9
  1105 | D:1      | You fall through a shaft!
  2068 | D:2      | Found an ancient bone altar of Kikubaaqudgha.
  2140 | D:2      | Reached skill level 6 in Conjurations
  2568 | D:3      | Reached XP level 4. HP: 24/24 MP: 8/10
  2916 | D:3      | Learned a level 4 spell: Fulminant Prism
  2941 | D:3      | Noticed Sigmund
  2955 | D:3      | Killed Sigmund
  2955 | D:3      | Reached XP level 5. HP: 28/28 MP: 3/11
  3255 | D:3      | Found a deep blue altar of Sif Muna.
  3266 | D:3      | Reached skill level 7 in Conjurations
  3266 | D:3      | Reached XP level 6. HP: 28/32 MP: 6/12
  3594 | D:3      | Identified Sif Muna's Guide on Curses
  3603 | D:4      | Noticed Eustachio
  3651 | D:4      | Found a staircase to the Ecumenical Temple.
  3657 | D:4      | Reached skill level 5 in Hexes
  3661 | D:5      | Entered Level 5 of the Dungeon
  4239 | D:4      | Killed Eustachio
  4328 | D:4      | Reached XP level 7. HP: 36/36 MP: 0/13
  4713 | D:4      | Noticed Pikel
  5075 | D:5      | Noticed Prince Ribbit
  5533 | D:6      | Reached skill level 8 in Conjurations
  5884 | D:6      | Reached XP level 8. HP: 41/41 MP: 1/14
  5891 | D:6      | Found a radiant altar of Vehumet.
  6092 | D:7      | Reached skill level 9 in Conjurations
  6283 | D:7      | Noticed Joseph
  6396 | D:6      | Reached skill level 10 in Conjurations
  6675 | D:6      | Found a radiant altar of Vehumet.
  6715 | D:6      | Became a worshipper of Vehumet
  7069 | D:6      | Learned a level 4 spell: Summon Ice Beast
  7094 | D:6      | Found a shimmering altar of Xom.
  7177 | D:5      | Reached skill level 1 in Summonings
  7744 | D:5      | Killed Prince Ribbit
  7744 | D:5      | Reached skill level 11 in Conjurations
  8026 | D:5      | Reached XP level 9. HP: 45/45 MP: 5/15
  8161 | D:5      | Found a runed translucent door.
  8162 | D:5      | Noticed Crazy Yiuf
  8487 | D:4      | Killed Pikel
  8803 | D:4      | Reached skill level 5 in Summonings
  8805 | D:4      | Noticed Robin
  8957 | D:4      | Killed Robin
  9378 | D:8      | Found Leurros's Antique Weapon Shop.
  9497 | D:8      | Reached skill level 12 in Conjurations
  9644 | D:8      | Reached * piety under Vehumet
  9644 | D:8      | Offered knowledge of Sandblast by Vehumet.
 11289 | D:10     | Entered Level 10 of the Dungeon
 11306 | D:9      | Reached XP level 10. HP: 50/50 MP: 6/17
 11836 | D:9      | Found Duti's Book Shop.
 11904 | D:9      | HP: 1/50 [fulminant prism[the player character] (27)]
 12278 | D:9      | Reached skill level 5 in Spellcasting
 12845 | D:10     | Killed an unseen horror
 13129 | D:10     | Noticed Snorg
 13139 | D:10     | Killed Snorg
 13139 | D:10     | Reached skill level 13 in Conjurations
 13374 | D:10     | Offered knowledge of Throw Flame by Vehumet.
 13523 | D:10     | Reached ** piety under Vehumet
 13523 | D:10     | Reached skill level 1 in Evocations
 13723 | D:10     | Reached skill level 1 in Fighting
 13723 | D:10     | Reached skill level 1 in Shields
 14505 | D:5      | Killed Crazy Yiuf
 14691 | D:11     | Reached XP level 11. HP: 50/56 MP: 19/25
 14691 | D:11     | Offered knowledge of Conjure Flame by Vehumet.
 14900 | D:11     | Noticed Fannar
 14926 | D:10     | Killed Fannar
 15082 | D:11     | Noticed Gastronok
 15085 | D:11     | Reached *** piety under Vehumet
 15152 | D:11     | Noticed Nergalle
 15585 | D:7      | Killed Joseph
 16230 | D:11     | Killed Nergalle
 16256 | D:11     | Upgraded the game from 0.23.0-3-gf3c87f2 to
                  | 0.23.0-28-g6fe0f4d
 16489 | D:11     | Noticed a white ugly thing
 16495 | D:11     | Reached skill level 5 in Dodging
 16504 | D:11     | HP: 2/59 [white ugly thing (18)]
 16506 | D:11     | Demolished by a white ugly thing

Skill      XL: |  1  2  3  4  5  6  7  8  9 10 11 |
---------------+----------------------------------+-----
Conjurations   | 5 6 7 8 11 12 13 | 13.6
Hexes          | 4 6 8 |  8.1
Summonings     | 3 7 |  7.0
Spellcasting   | 8 9 |  9.6
Evocations     | 2 3 |  3.7
Dodging        | 3 5 |  5.0
Fighting       | 1 2 |  2.8
Shields        | 1 2 |  2.7
Stealth        | |  2.4

Action                   |  1- 3 |  4- 6 |  7- 9 | 10-12 || total
-------------------------+-------+-------+-------+-------++-------
Melee: Dagger            |       |       |     6 |     1 ||     7
       Staff             |       |       |       |     5 ||     5
 Cast: Magic Dart        |    47 |    43 |    55 |    42 ||   187
       Searing Ray       |    21 |    15 |    18 |     6 ||    60
       Fulminant Prism   |       |       |    82 |   103 ||   185
       Summon Ice Beast  |       |       |       |     8 ||     8
Evoke: Wand              |       |       |     6 |     5 ||    11
  Use: Scroll            |     1 |     5 |     6 |    12 ||    24
       Potion            |       |       |     2 |     4 ||     6
  Eat: Chunk             |     5 |     6 |    23 |    24 ||    58
       Ration            |       |       |     4 |     3 ||     7
Armor: Robe              |     9 |     9 |    14 |    16 ||    48
       Animal skin       |       |       |     7 |    20 ||    27
Dodge: Dodged            |    42 |    33 |    65 |    78 ||   218
Block: Buckler           |       |       |    15 |    24 ||    39
